 Dungeon Crawl Stone Soup version 0.29-a0-866-g0545e20025 (webtiles) character file.

Game seed: 4623548054184185612

11329 Malachi the Brawler (level 11, 0/111 HPs)
             Began as a Troll Monk on July 17, 2022.
             Slain by a wraith (10 damage)
             ... led by Josephine
             ... on level 10 of the Dungeon.
             The game lasted 00:14:20 (8188 turns).

Malachi the Brawler (Troll Monk)                    Turns: 8188, Time: 00:14:20

Health: 0/111      AC:  8    Str: 25    XL:     11   Next: 47%
Magic:  10/10      EV: 10    Int:  6    God:
Gold:   605        SH:  0    Dex: 12    Spells: 10/10 levels left

rFire   . . .      SeeInvis .     - Unarmed
rCold   . . .      Faith    .   (no shield)
rNeg    . . .      Spirit   .   J - +0 acid dragon scales
rPois   .          Reflect  .   (helmet restricted)
rElec   .          Harm     .   (no cloak)
rCorr   +          Rampage  .   (gloves unavailable)
Will    .....                   (boots unavailable)
Stlth   +.........              (no amulet)
HPRegen 1.08/turn               (no ring)
MPRegen 0.12/turn               (no ring)

@: slowed, very slow
A: large, unfitting armour, claws 3, regeneration 1, shaggy fur 1, tough skin 1
a: no special abilities


You were on level 10 of the Dungeon.
You visited 2 branches of the dungeon, and saw 11 of its levels.

You collected 605 gold pieces.

Inventory:

Hand Weapons
 c - a +4 spear of venom
Missiles
 e - 5 datura-tipped darts
 f - 87 stones (quivered)
 q - 6 boomerangs of dispersal
 y - 2 silver boomerangs
 E - a throwing net
Armour
 J - +0 acid dragon scales (worn)
Wands
 d - a wand of digging (6)
 m - a wand of iceblast (5)
 v - a wand of flame (27)
 w - a wand of charming (10)
 B - a wand of mindburst (19)
 I - a wand of polymorph (6)
Scrolls
 h - 2 scrolls of teleportation
 j - 3 scrolls of vulnerability
 k - a scroll of brand weapon
 o - a scroll of fog
 p - 3 scrolls of amnesia
 r - a scroll of enchant weapon
 A - 2 scrolls of enchant armour
 H - 3 scrolls of immolation
Potions
 b - 2 potions of ambrosia
 g - a potion of lignification {unknown}
 i - 3 potions of magic {unknown}
 l - 11 potions of curing {unknown}
 n - 3 potions of cancellation {unknown}
 s - a potion of resistance {unknown}
 t - 4 potions of attraction {unknown}
 C - a potion of degeneration {unknown}
 D - 2 potions of might {unknown}
 F - a potion of heal wounds
Miscellaneous
 z - a tin of tremorstones (2/2)


   Skills:
 * Level 7.8 Fighting
 - Level 2.4 Dodging
 - Level 1.0 Stealth
 - Level 18.1 Unarmed Combat


You had 10 spell levels left.
You didn't know any spells.
Your spell library contained the following spells:

 Spells                   Type           Power      Damage    Failure   Level
 Apportation              Tloc           0%         N/A       52%         1
 Ensorcelled Hibernation  Hex/Ice        0%         N/A       67%         2
 Passwall                 Tmut/Erth      0%         N/A       67%         2
 Swiftness                Air            0%         N/A       88%         3
 Animate Dead             Necr           0%         N/A       99%         4
 Leda's Liquefaction      Hex/Erth       0%         N/A       99%         4
 Alistair's Intoxication  Tmut/Pois      0%         N/A       100%        5
 Borgnjor's Vile Clutch   Necr/Erth      0%         N/A       100%        5
 Lee's Rapid Deconstruct  Erth           0%         3d5*      100%        5
 Summon Forest            Summ/Tloc      0%         N/A       100%        5
 Summon Mana Viper        Hex/Summ       0%         N/A       100%        5
 Death Channel            Necr           0%         N/A       100%        6
 Statue Form              Tmut/Erth      0%         N/A       100%        6
 Summon Cactus Giant      Summ           0%         N/A       100%        6


Dungeon Overview and Level Annotations

Branches:
Dungeon (10/15)            Temple (1/1) D:6            Lair (0/6) D:8
    Orc: D:9-12

Altars:
Ashenzari
Cheibriados
Dithmenos
Elyvilon
Fedhas
Gozag
Hepliaklqana
Kikubaaqudgha
Makhleb
Nemelex Xobeh
Okawaru
Qazlal
Sif Muna
Trog
Uskayaw
Vehumet
Wu Jian
Xom
Yredelemnul
Zin
The Shining One

Shops:
D:6 (

Portals:
Abyss: D:4

Annotations:
D:10 Grum


Innate Abilities, Weirdness & Mutations

You are too large for most types of armour.
You have claws for hands.
Your natural rate of healing is unusually fast.
You are covered in fur. (AC +1)
You have tough skin. (AC +1)


Message History

You are too injured to fight recklessly!
You are too injured to fight recklessly!
You are too injured to fight recklessly!
You are too injured to fight recklessly!
You miss the wolf. Grum barely misses you. The wolf barely misses you. x2
You mangle the wolf!!
You kill the wolf!
The wolf bites you but does no damage. Grum barely misses you.
The wolf barely misses you.
You mangle the wolf!!
You kill the wolf!
The wraith hits you but does no damage.
Grum hits you from afar with a +1 spear!
You scratch the wraith. You claw the wraith!
The wraith is heavily damaged.
The wraith barely misses you.
Grum hits you from afar with a +1 spear!
* * * LOW HITPOINT WARNING * * *
You claw the wraith!
The wraith is almost destroyed.
Grum hits you from afar with a +1 spear!
* * * LOW HITPOINT WARNING * * *
The wraith hits you!
* * * LOW HITPOINT WARNING * * *
The wraith drains your vigour!
You feel as though you will be slow longer.
You feel much better. The wraith hits you but does no damage.
Grum hits you from afar with a +1 spear!
* * * LOW HITPOINT WARNING * * *
The wraith hits you!
* * * LOW HITPOINT WARNING * * *
Grum barely misses you.
As you read the scroll of fear, it crumbles to dust.
You assume a fearsome visage.
Grum looks frightened!
The wraith is unaffected.
The wraith hits you but does no damage.
You closely miss the wraith.
The wraith is almost destroyed.
A vampire mosquito comes into view.
The wraith hits you!
You die...

≈.≈ .. ###≈. .....
######## .@....
#......#
...)..##......# ..
.......#@.....##$..
.....g.W...........
.....###..........)
... ####.##.y... #
#.# #..## #.# #..#
.## #.# #..# ##..#
#######.###..####)...
#....................


You could see Grum (fleeing), a wraith and a vampire mosquito (wandering).

Vanquished Creatures
  Josephine (D:10)
  A centaur warrior (D:9)
  The ghost of Rupert the Covered, a novice DsBe of Trog (D:9)
  A manticore (D:9)
  2 ugly things
  Joseph (D:8)
  The ghost of Querens the Shield-Bearer, a novice MeFi (D:4)
  Maggie (D:8)
  A komodo dragon (D:8)
  A troll (D:8)
  Sigmund (D:2)
  11 yaks
  5 wraiths
  2 steam dragons (D:8)
  2 water moccasins
  An acid dragon (D:9)
  2 orc warriors (D:9)
  2 sky beasts (D:7)
  3 ice beasts
  4 black bears
  An ogre (D:4)
  3 wolves (D:10)
  2 centaurs
  2 phantoms
  3 kobold brigands (D:9)
  6 bullfrogs
  2 necrophages (D:6)
  3 scorpions
  A wight (D:9)
  7 killer bees (D:9)
  A small abomination (D:4)
  2 howler monkeys
  A hound (D:5)
  4 jellies
  3 orc priests
  A gnoll bouda (D:8)
  5 iguanas (D:5)
  6 orc wizards
  Robin (D:3)
  13 gnolls
  8 adders
  2 white imps (D:6)
  5 ufetubi
  5 worms
  3 dart slugs
  28 orcs
  10 ball pythons
  3 bats
  8 endoplasms
  4 giant cockroaches
  12 goblins
  8 hobgoblins
  26 kobolds
  2 quokkas (D:3)
  6 frilled lizards
  2 rats
243 creatures vanquished.

Vanquished Creatures (others)
  An orc (D:8)
  36 fungi
  46 plants
83 creatures vanquished.

Grand Total: 326 creatures vanquished

Notes
Turn   | Place    | Note
-------+----------+-------------------------------------------
     0 | D:1      | Malachi the Troll Monk began the quest for the Orb.
     0 | D:1      | Reached XP level 1. HP: 22/22 MP: 0/0
   210 | D:1      | Reached XP level 2. HP: 29/29 MP: 1/1
   421 | D:1      | Reached skill level 4 in Unarmed Combat
   512 | D:1      | Reached XP level 3. HP: 36/36 MP: 2/2
   920 | D:2      | Noticed Sigmund
   988 | D:2      | Killed Sigmund
   989 | D:2      | Reached skill level 6 in Unarmed Combat
   989 | D:2      | Reached XP level 4. HP: 22/44 MP: 3/3
   989 | D:2      | Reached XP level 5. HP: 25/50 MP: 4/4
  1272 | D:2      | Found a faded altar of an unknown god.
  1784 | D:3      | Noticed Robin
  1792 | D:3      | Killed Robin
  1860 | D:3      | You fall into a shaft and drop 1 floor!
  1861 | D:4      | Noticed an ogre
  1900 | D:3      | Reached XP level 6. HP: 36/59 MP: 5/5
  2066 | D:3      | Reached skill level 7 in Unarmed Combat
  2534 | D:4      | Reached skill level 8 in Unarmed Combat
  2534 | D:4      | Reached XP level 7. HP: 59/66 MP: 6/6
  2602 | D:4      | Found a transporter.
  2640 | D:4      | Found a transporter.
  2742 | D:4      | Found a one-way gate to the infinite horrors of the Abyss.
  2742 | D:4      | Noticed Querens's ghost (novice MeFi)
  2755 | D:4      | Killed Querens's ghost
  2756 | D:4      | Reached skill level 9 in Unarmed Combat
  3082 | D:5      | Entered Level 5 of the Dungeon
  3094 | D:5      | Reached skill level 10 in Unarmed Combat
  3094 | D:5      | Reached XP level 8. HP: 70/74 MP: 7/7
  3492 | D:5      | Found a white marble altar of Elyvilon.
  3650 | D:5      | Found a bloodstained altar of Trog.
  3706 | D:5      | Reached skill level 11 in Unarmed Combat
  3813 | D:5      | Found a sparkling altar of Nemelex Xobeh.
  3813 | D:5      | Found an opulent altar of Gozag.
  4152 | D:5      | Identified a scroll of acquirement
  4152 | D:5      | Acquired a manual of Unarmed Combat
  4187 | D:6      | Found a staircase to the Ecumenical Temple.
  4238 | D:6      | Found a broken altar of Ashenzari.
  4245 | D:6      | Found an iron altar of Okawaru.
  4247 | D:6      | Found a glowing golden altar of the Shining One.
  4248 | D:6      | Found a hazy altar of Hepliaklqana.
  4298 | D:6      | Reached skill level 12 in Unarmed Combat
  4374 | D:6      | Found Hiod's Antique Weapon Boutique.
  4451 | D:6      | Reached skill level 13 in Unarmed Combat
  4451 | D:6      | Reached XP level 9. HP: 80/80 MP: 8/8
  4899 | D:7      | Found a radiant altar of Vehumet.
  4936 | D:7      | Identified the +2 robe of Guxkaymm {rC- Int+4}
  5010 | D:7      | Reached skill level 14 in Unarmed Combat
  5035 | Temple   | Entered the Ecumenical Temple
  5558 | D:7      | Found a basalt altar of Yredelemnul.
  5641 | D:8      | Reached skill level 15 in Unarmed Combat
  5680 | D:8      | Reached skill level 16 in Unarmed Combat
  5712 | D:8      | Reached XP level 10. HP: 24/88 MP: 9/9
  5963 | D:8      | Reached skill level 17 in Unarmed Combat
  5963 | D:8      | Found a staircase to the Lair.
  5987 | D:8      | Noticed Joseph
  6013 | D:8      | Killed Joseph
  6570 | D:8      | Noticed a red ugly thing
  6582 | D:8      | Killed a red ugly thing
  6916 | D:8      | Reached skill level 18 in Unarmed Combat
  6972 | D:8      | Noticed Maggie
  6988 | D:8      | Killed Maggie
  7050 | D:9      | Found a transporter.
  7056 | D:9      | Noticed a centaur warrior
  7056 | D:9      | Noticed Rupert's ghost (novice DsBe)
  7147 | D:9      | Noticed a manticore
  7196 | D:9      | Found an ancient bone altar of Kikubaaqudgha.
  7317 | D:9      | Noticed a white ugly thing
  7332 | D:9      | Killed a manticore
  7333 | D:9      | Reached skill level 5 in Fighting
  7333 | D:9      | Reached XP level 11. HP: 63/102 MP: 10/10
  7335 | D:9      | Killed a white ugly thing
  7337 | D:9      | Found a transporter.
  7345 | D:9      | Killed Rupert's ghost
  7350 | D:9      | Killed a centaur warrior
  8106 | D:10     | Entered Level 10 of the Dungeon
  8157 | D:10     | Noticed Josephine
  8169 | D:10     | Killed Josephine
  8169 | D:10     | Noticed Grum
  8188 | D:10     | Slain by a wraith

Illustrated notes

Levels and vault maps discovered:
D:1:      lightli_arrival_windingriver, layout_loops_ring
D:2:      layout_basic, hellmonk_ecumenical_altar_arch_garden, uniq_sigmund
D:3:      layout_basic, nicolae_kite_square_tiling_tiny, minmay_surrounded,
          uniq_robin
D:4:      layout_rooms, gammafunk_ghost_abyssal_escape
D:5:      layout_basic, grunt_temple_overflow_opulence,
          mainiacjoe_overflow_boulevard, elyvilon_altar_1, grunt_decor_fettered,
          kennysheep_diamond
D:6:      layout_gridville, minitemple, minmay_temple_entry_overgrown,
          serial_shops, kennysheep_little_box
D:7:      layout_rooms, nicolae_vehumet_radiance,
          mainiacjoe_overflow_tiny_flanked, palyth_stone_intersect
D:8:      layout_basic, due_lair_maze_entry_diamond, uniq_maggie, uniq_joseph
D:9:      layout_long_grid, nicolae_kikubaaqudgha_miasma_corner,
          nzn_ghost_randoct, nicolae_lava_and_water
D:10:     layout_rooms, nicolae_ru_path_of_blood, orc_0_dummy, uniq_psyche,
          uniq_grum, uniq_josephine
Temple:   jpeg_temple_alley_garden

Skill      XL: |  1  2  3  4  5  6  7  8  9 10 11 |
---------------+----------------------------------+-----
Unarmed Combat | 4 6 8 10 13 16 18 | 18.1
Fighting       | 5 7 |  7.8
Dodging        | |  2.4
Stealth        | |  1.0

Action                   |  1- 3 |  4- 6 |  7- 9 | 10-12 || total
-------------------------+-------+-------+-------+-------++-------
Melee: Unarmed           |    67 |   132 |   212 |   224 ||   635
       Punch             |       |     4 |    16 |    21 ||    41
Throw: Stone             |       |       |     8 |       ||     8
  Use: Potion            |       |       |     4 |     2 ||     6
       Scroll            |       |       |     9 |     9 ||    18
 Stab: Sleeping          |     2 |     4 |     2 |     1 ||     9
       Distracted        |       |     1 |       |       ||     1
Armor: Robe              |    24 |    16 |       |       ||    40
       Animal skin       |       |    24 |    48 |    11 ||    83
       Acid dragon scale |       |       |       |    44 ||    44
       Skin              |       |       |       |     1 ||     1
Dodge: Dodged            |    22 |    53 |    88 |    69 ||   232

Table legend: (Time is in decaauts)
 A = Elapsed time spent in this place.
 B = Non-inter-level travel time spent in this place.
 C = Inter-level travel time spent in this place.
 D = Time resting spent in this place.
 E = Time spent auto-exploring this place.
 F = Levels seen in this place.
 G = Mean time per level.
                   A        B        C        D        E       F      G
               +--------+--------+--------+--------+--------+-----+--------+
         Total |   8060 |   7711 |    349 |   1038 |   4877 |  11 |  732.7 |
       Dungeon |   7828 |   7514 |    314 |   1038 |   4707 |  10 |  782.8 |
        Temple |    232 |    197 |     35 |      0 |    170 |   1 |  232.0 |
               +--------+--------+--------+--------+--------+-----+--------+

Top non-repeatable levels by time:
     D:8: 1208 daAuts
     D:9: 1004 daAuts
     D:5: 915 daAuts
     D:1: 895 daAuts
     D:2: 878 daAuts
     D:4: 802 daAuts
     D:7: 704 daAuts
     D:6: 679 daAuts
     D:3: 659 daAuts
  Temple: 232 daAuts
    D:10: 80 daAuts
